 Dungeon Crawl Stone Soup version 0.30.1-9-gdf580d7c3d (webtiles) character file.

Game seed: 5414404511557782140

61 KittyFluff the Cudgeller (level 4, -3/43 HPs)
             Began as a Gargoyle Berserker on Oct 14, 2023.
             Was a Believer of Trog.
             Slain by an orc
             ... wielding a +0 flail
              (6 damage)
             ... on level 3 of the Dungeon.
             The game lasted 00:08:47 (2308 turns).

KittyFluff the Cudgeller (Gargoyle Berserker)       Turns: 2308, Time: 00:08:48

Health: -3/43      AC:  7    Str: 22    XL:     4   Next: 7%
Magic:  4/4        EV: 11    Int:  8    God:    Trog [**....]
Gold:   223        SH:  0    Dex:  9    Spells: 3/3 levels left

rFire   . . .        a - +0 mace
rCold   . . .        (no shield)
rNeg    + . .        d - +0 leather armour
rPois   ∞            (no helmet)
rElec   +            (no cloak)
rCorr   .            (no gloves)
SInv    .            (no boots)
Will    .....        (no amulet) Stlth
                     (no ring)
HPRegen 0.27/turn    (no ring)
MPRegen 0.09/turn

%: no passive effects
@: berserking, very quick
A: sickness immunity, AC +3, negative energy resistance 1, electricity
resistance, torment resistance 1, petrification resistance
a: Renounce Religion, Berserk, Trog's Hand


You were on level 3 of the Dungeon.
You worshipped Trog.
Trog was pleased with you.
You visited 1 branch of the dungeon, and saw 3 of its levels.

You collected 223 gold pieces.

Inventory:

Hand Weapons
 a - a +0 mace (weapon)
Missiles
 q - 2 poisoned darts (quivered)
Armour
 d - a +0 leather armour (worn)
Scrolls
 b - 2 scrolls of immolation {unknown}
 e - a scroll of torment {unknown}
 g - a scroll of blinking {unknown}
 i - 2 scrolls of teleportation {unknown}
 j - a scroll of fear {unknown}
 l - 3 scrolls of identify {unknown}
 m - 2 scrolls of fog {unknown}
 n - a scroll of vulnerability {unknown}
 p - a scroll of enchant weapon {unknown}
Potions
 c - 3 potions of heal wounds {unknown}
 f - 3 potions of resistance {unknown}
 h - a potion of haste {unknown}
 k - a potion of curing {unknown}
 o - a potion of degeneration {unknown}


   Skills:
 + Level 3.6 Fighting
 * Level 3.7 Maces & Flails
 * Level 3.1 Armour
 + Level 2.0 Dodging


You had 3 spell levels left.
You didn't know any spells.
Your spell library was empty.

Dungeon Overview and Level Annotations

Branches:
Dungeon (3/15)

Altars:
Makhleb
Okawaru
Uskayaw
Vehumet

Shops:
D:2 ([


Innate Abilities, Weirdness & Mutations

You are immune to sickness and miasma.
Your stone body is resilient. (AC +3)
You are immune to poison.
You resist negative energy. (rN+)
You are resistant to electric shocks. (rElec)
You are resistant to unholy torment.
You are immune to petrification.


Message History

i - 2 scrolls labelled LUITAS TOGGE (gained 1)
Found 2 poisoned darts.
An orc comes into view. It is wielding a +0 whip.
The orc shouts!
An orc priest comes into view. It is wielding a +0 short sword.
Things that are here:
a staff of conjuration; 9 gold pieces You now have 223 gold pieces (gained 9).
The orc priest shouts!
An orc comes into view. It is wielding a +0 flail.
The orc moves out of view.
The orc shouts!
You hear a shout!
You barely miss the orc. The orc hits you with a +0 whip.
An orc comes into view. It is wielding a +0 club.
You completely miss the orc.
The orc shouts!
The orc barely misses you.
You sock the orc!
You kill the orc!
Trog accepts your kill.
The orc throws a boomerang.
The boomerang hits you. The orc barely misses you.
Things that are here:
a +0 whip; an orc corpse You barely miss the orc.
The orc hits you with a +0 flail.
The orc priest miscasts a cantrip.
The orc hits you with a +0 flail.
You closely miss the orc. The orc hits you with a +0 flail!
You hit the orc but do no damage. The orc hits you with a +0 flail.
You hit the orc. You punch the orc.
The orc is almost dead.
The orc hits you with a +0 flail.
You barely miss the orc.
The orc is almost dead.
The orc hits you with a +0 flail!
* * * LOW HITPOINT WARNING * * *
A red film seems to cover your vision as you go berserk!
You feel yourself moving faster!
You feel mighty! The orc hits you with a +0 flail.
You die...

##.##.#######.. ###..#####.#
#............. ....# ####.#
#.##......##. #...##....# #
...###..##<... #....####
..###.....##.### ###..# #
###.###.#..## ### ##.##
#...##......# #... #..#
##............####o.#..####..###
......###.......@oo......)....>#
#..## #....|.####..######.#####
.(# #.#..........# #.....# ..#
#.#.#####..#. #.....# #.#
###...... ... #.....# ..#
......#####..##..## #.....#
.###.###### #.......#####.....#
.##..# #..#.............#
....#############.#........#....#


You could see an orc priest and 2 orcs.

Vanquished Creatures
  A worm (D:3)
  A dart slug (D:1)
  An orc (D:3)
  4 endoplasms
  5 giant cockroaches
  3 goblins
  6 hobgoblins
  5 quokkas
  3 ball pythons
  7 bats
  A frilled lizard (D:3)
  3 kobolds
  12 rats
52 creatures vanquished.

Notes
Turn   | Place    | Note
-------+----------+-------------------------------------------
     0 | D:1      | KittyFluff the Gargoyle Berserker began the quest for the
                  | Orb.
     0 | D:1      | Reached XP level 1. HP: 14/14 MP: 1/1
   160 | D:1      | Reached XP level 2. HP: 19/19 MP: 2/2
   295 | D:1      | Found a faded altar of an unknown god.
   524 | D:1      | Reached XP level 3. HP: 23/23 MP: 3/3
   729 | D:2      | Reached ** piety under Trog
  1132 | D:2      | Found Ymurakhli's Antique Armour Shoppe.
  1244 | D:2      | Found Liullaf's Antique Weapon Emporium.
  1927 | D:3      | Found a hide-covered altar of Uskayaw.
  1969 | D:3      | Found a burning altar of Makhleb.
  2022 | D:3      | Found a radiant altar of Vehumet.
  2119 | D:3      | Reached XP level 4. HP: 28/28 MP: 4/4
  2122 | D:3      | Found an iron altar of Okawaru.
  2308 | D:3      | Slain by an orc

Illustrated notes

Levels and vault maps discovered:
D:1:      dreamdust_arrival_sigmund_warning, layout_loops_ring,
          basic_ecumenical_altar
D:2:      layout_loops_corners, serial_shops, shop,
          nicolae_shop_just_a_little_nook, kennysheep_flooded_box,
          minmay_rat_gold_closets
D:3:      layout_rooms, nicolae_vehumet_altar_sigil,
          mainiacjoe_overflow_alcove_1, mainiacjoe_overflow_catwalk,
          eat_drink_and_be_merry_uskayaw, glass_columns_a, grunt_ministairs_8,
          hangedman_decor_growths

Skill      XL: |  1  2  3 |
---------------+----------+-----
Dodging        | 2 |  2.0
Armour         | 3 |  3.1
Fighting       | |  3.6
Maces & Flails | |  3.7

Action                     |  1- 3 |  4- 6 || total
---------------------------+-------+-------++-------
  Melee: Mace              |   140 |    12 ||   152
         Punch             |     2 |     1 ||     3
 Invoke: Berserk           |       |     1 ||     1
 Armour: Leather armour    |    67 |     1 ||    68
  Dodge: Dodged            |    90 |     6 ||    96
